 Dungeon Crawl Stone Soup version 0.32-a0-391-gce5c0aab1b (webtiles) character file.

Game seed: 12885097797716080370

242 ytrimaz the Slasher (level 6, 0/73 HPs)
             Began as a Coglin Gladiator on Feb 19, 2024.
             Slain by Edmund
             ... wielding a +7 dire flail of protection
              (5 damage)
             ... on level 4 of the Dungeon.
             The game lasted 00:03:09 (1993 turns).

ytrimaz the Slasher (Coglin Gladiator)              Turns: 1993, Time: 00:03:09

Health: 0/73       AC: 23    Str: 14    XL:     6   Next: 9%
Magic:  6/6        EV:  2    Int:  8    God:
Gold:   157        SH:  5    Dex: 17    Spells: 5/5 levels left

rFire   . . .        a - +0 long sword {Eadburga}
rCold   . . .        o - +0 falchion {Araceli}
rNeg    . . .        b - melded +0 leather armour
rPois   +            c - melded +0 helmet
rElec   .            (cloak currently unavailable)
rCorr   +            (gloves currently unavailable)
SInv    .            p - melded +0 pair of boots
Will    .....        m - amulet of reflection
Stlth   ++           l - ring of resist corrosion
HPRegen 0.32/turn    (no ring)
MPRegen 0.10/turn

%: reflection
@: tree-form, revved, stiff-legged, very slow
A: stationary, stasis, torment immunity, boosted hp, off-hand wielding, slow
wielding, warmup strikes, (warmup strides)
a: no special abilities


You were on level 4 of the Dungeon.
You were a tree.
You visited 1 branch of the dungeon, and saw 4 of its levels.

You collected 157 gold pieces.


Innate Abilities, Weirdness & Mutations

You are a tree.
Your roots penetrate the ground, keeping you stationary.
You cannot be teleported.
You are immune to unholy pain and torment.
Your maximum health is greatly increased.
Your equipment is partially melded.
You can wield a second weapon in your off-hand.
It takes a long time for you to wield or remove held weapons.
Your first few attacks do less damage.
((Your first movements take longer.))


   Skills:
 + Level 4.5 Fighting
 + Level 5.1 Long Blades
 - Level 1.7 Throwing
 - Level 2.6 Dodging


You had 5 spell levels left.
You didn't know any spells.
Your spell library contained the following spells:

 Spells                   Type           Power      Damage    Failure   Level
 Static Discharge         Conj/Air       0%         3-3/arc   54%         2
 Airstrike                Air            0%         2d(0-16)  99%         4
 Summon Lightning Spire   Summ/Air       0%         N/A       99%         4

Inventory:

Hand Weapons
 a - a +0 long sword (weapon) {Eadburga}
 o - a +0 falchion (worn) {Araceli}
   (You found it on level 2 of the Dungeon)
Missiles
 d - 3 throwing nets (quivered)
 e - a javelin
Armour
 b - a +0 leather armour (melded)
 c - a +0 helmet (melded)
 p - a +0 pair of boots (melded)
   (You found it on level 3 of the Dungeon)
Jewellery
 l - a ring of resist corrosion (left branch)
   (You found it on level 2 of the Dungeon)
 m - an amulet of reflection (around neck)
   (You found it on level 3 of the Dungeon)
Scrolls
 h - a scroll of amnesia
 i - 2 scrolls of enchant armour {unknown}
 j - a scroll of teleportation
 k - a scroll of fear
 n - a scroll of revelation
 q - a scroll of vulnerability {unknown}
Potions
 f - a potion of lignification
 g - a potion of mutation {unknown}

Dungeon Overview and Level Annotations

Branches:
Dungeon (4/15) Zot: 21893
 Temple: D:4-7

Altars:
Qazlal

Annotations:
D:4 Edmund

###.#.# #...#.#
#.###.# #.# #.# #.#
#.# ############.# #.#
#####............# #.#
.......†##.####.## #.#
...#.#♣##.## #.#
......@.....###.####.#
....#.#.##....)......#
.. .....##.####(######
###.####.# #.# #( #.#
#.# # ........#
##.###### ..#


You could see Edmund.


Message History

A black bear is nearby!
Edmund the Younger comes into view.
He is wielding a +7 dire flail of protection.
Edmund shouts!
The black bear bites you. You block the black bear's attack.
The black bear closely misses you. 😕 HP[-3]
You take 3 damage, and now have 39/42 hp.
You hit the black bear with your +0 long sword.
You slash the black bear with your +0 falchion!
The black bear barely misses you. The black bear claws you.
You block the black bear's attack.
You hit the black bear but do no damage.
You hit the black bear with your +0 falchion.
The black bear bites you. The black bear claws you.
The black bear claws you but does no damage. 😕 HP[-2]
You take 2 damage, and now have 37/42 hp.
Unknown command.
You hit the black bear with your +0 falchion.
You hit the black bear with your +0 long sword.
The black bear bites you.
The black bear claws you but does no damage.
The black bear closely misses you. 😕 HP[-3]
You take 3 damage, and now have 34/42 hp.
Unknown command.
You slash the black bear with your +0 falchion!
You kill the black bear!
Your Long Blades skill increases to level 5!
You have reached level 6! 😕 HP[+6] MP[+1]
You now have 49 max hp (+7).
You regained 6 hp, and now have 40/49 hp.
Your mp is fully restored (6).
You turn into a tree.
Your +0 helmet melds into your body.
Your +0 pair of boots melds into your body.
Your +0 leather armour melds into your body.
Your roots penetrate the ground. 😕 HP[+21]
You now have 73 max hp (+24).
You regained 21 hp, and now have 61/73 hp.
Unknown command.
You slash Edmund with your +0 long sword!
You barely miss Edmund with your +0 falchion.
Edmund completely misses you.
Unknown command.
You hit Edmund but do no damage. x2
Edmund hits you with a +7 dire flail of protection. 😕 HP[-5]
You take 5 damage, and now have 56/73 hp.
You hit Edmund but do no damage.
You slash Edmund with your +0 long sword!
Edmund hits you with a +7 dire flail of protection! 😮 HP[-12]
You take 12 damage, and now have 44/73 hp.
Unknown command.
You closely miss Edmund with your +0 falchion.
You closely miss Edmund with your +0 long sword.
You block Edmund's attack.
Unknown command.
You hit Edmund with your +0 falchion.
You closely miss Edmund with your +0 long sword.
Edmund hits you but does no damage. 😮 HP[+1]
You barely miss Edmund with your +0 falchion.
You hit Edmund but do no damage.
Edmund hits you with a +7 dire flail of protection!
* * * LOW HITPOINT WARNING * * *
Unknown command. 😨 HP[-10]
You take 10 damage, and now have 35/73 hp.
You hit Edmund but do no damage. x2; Edmund barely misses you.
Unknown command.
You hit Edmund with your +0 falchion. You hit Edmund with your +0 long sword.
Edmund says, "People accused me of being a cutpurse!"
Edmund hits you with a +7 dire flail of protection!
* * * LOW HITPOINT WARNING * * *
Edmund hits you but does no damage. 😨 HP[-10]
You take 10 damage, and now have 25/73 hp.
You completely miss Edmund with your +0 long sword.
You hit Edmund with your +0 falchion. You block Edmund's attack.
Unknown command.
You hit Edmund but do no damage. You hit Edmund with your +0 falchion.
Edmund hits you with a +7 dire flail of protection!
* * * LOW HITPOINT WARNING * * *
😱 HP[-9]
You take 9 damage, and now have 16/73 hp.
You completely miss Edmund with your +0 falchion.
You hit Edmund but do no damage.
Edmund hits you with a +7 dire flail of protection!
* * * LOW HITPOINT WARNING * * *
Unknown command. 😱 HP[-11]
You take 11 damage, and now have 5/73 hp.
You barely miss Edmund with your +0 long sword.
You barely miss Edmund with your +0 falchion.
Edmund hits you with a +7 dire flail of protection.
You die...
Edmund says, "I'd like to see a scythe do that!"

Skill      XL: |  1  2  3  4  5 |
---------------+----------------+-----
Fighting       | 3 4 |  4.5
Long Blades    | 4 5 |  5.1
Throwing       | |  1.7
Dodging        | |  2.6

Action                     |  1- 3 |  4- 6 || total
---------------------------+-------+-------++-------
  Melee: Long sword        |    47 |    67 ||   114
         Falchion          |    12 |    68 ||    80
    Use: Scroll            |     7 |       ||     7
         Potion            |       |     1 ||     1
   Stab: Sleeping          |     2 |     1 ||     3
 Armour: Leather armour    |    22 |    57 ||    79
         Skin              |       |     9 ||     9
  Dodge: Dodged            |    30 |    60 ||    90
  Block: Other             |       |     4 ||     4

Levels and vault maps discovered:
D:1:      saegor_arrival_simple_e, layout_loops_ring,
          minmay_misc_feat_four_crosses, grunt_decor_cap
D:2:      layout_basic, minmay_circle_x
D:3:      layout_rooms, nicolae_qazlal_general_emergency,
          grunt_decor_mini_mirrors
D:4:      layout_loops_ring, mainiacjoe_overflow_brackets,
          minmay_temple_entry_mini_moons, uniq_edmund

Notes
Turn   | Place    | Note
-------+----------+-------------------------------------------
     0 | D:1      | ytrimaz the Coglin Gladiator began the quest for the Orb.
     0 | D:1      | Reached XP level 1. HP: 16/16 MP: 1/1
     0 | D:1      | magus.rc [v1.9.6]
   181 | D:1      | Reached XP level 2. HP: 23/23 MP: 2/2
   509 | D:1      | You fall into a shaft and drop 1 floor!
   539 | D:2      | Reached XP level 3. HP: 28/28 MP: 3/3
   732 | D:2      | Reached skill level 3 in Fighting
   747 | D:2      | You pick up a book of Storms and begin reading...
   747 | D:2      | You add the spells Static Discharge, Airstrike and Summon
                  | Lightning Spire to your library.
   826 | D:2      | Reached XP level 4. HP: 34/35 MP: 4/4
   828 | D:2      | Reached skill level 4 in Long Blades
   870 | D:2      | HP: 7/35 [poisoned by an adder]
  1334 | D:3      | Found a stormy altar of Qazlal.
  1438 | D:3      | Reached XP level 5. HP: 41/42 MP: 5/5
  1552 | D:3      | Reached skill level 4 in Fighting
  1975 | D:4      | Noticed a black bear
  1976 | D:4      | Noticed Edmund
  1980 | D:4      | Killed a black bear
  1981 | D:4      | Reached skill level 5 in Long Blades
  1981 | D:4      | Reached XP level 6. HP: 40/49 MP: 6/6
  1991 | D:4      | HP: 16/73 [Edmund/+7 dire flail of protection (9)]
  1992 | D:4      | HP: 5/73 [Edmund/+7 dire flail of protection (12)]
  1993 | D:4      | Slain by Edmund

Vanquished Creatures
  A black bear (D:4)
  4 adders
  3 dart slugs (D:2)
  4 ribbon worms
  4 bats
  11 endoplasms
  7 goblins
  5 hobgoblins
  2 jackals (D:2)
  2 quokkas
  4 ball pythons
  3 frilled lizards
  4 kobolds
  6 rats
60 creatures vanquished.

Table legend:
 A = Non-vault XP
 B = Vault XP
 C = Vault XP percentage of total XP
 D = Non-vault monster count
 E = Vault monster count
 F = Vault count percentage of total count
                 A         B        C        D         E       F
            +---------+---------+-------+---------+---------+-------
      Total |     310 |      36 |  10.4 |      52 |       8 |  13.3
            +---------+---------+-------+---------+---------+-------
        D:1 |      30 |       0 |   0.0 |      11 |       0 |   0.0
        D:2 |      77 |      36 |  31.9 |      21 |       8 |  27.6
        D:3 |      73 |       0 |   0.0 |      18 |       0 |   0.0
        D:4 |     130 |       0 |   0.0 |       2 |       0 |   0.0
            +---------+---------+-------+---------+---------+-------

Skill      XL: |  1  2  3  4  5 |
---------------+----------------+-----
Fighting       | 3 4 |  4.5
Long Blades    | 4 5 |  5.1
Throwing       | |  1.7
Dodging        | |  2.6

Action                     |  1- 3 |  4- 6 || total
---------------------------+-------+-------++-------
  Melee: Long sword        |    47 |    67 ||   114
         Falchion          |    12 |    68 ||    80
    Use: Scroll            |     7 |       ||     7
         Potion            |       |     1 ||     1
   Stab: Sleeping          |     2 |     1 ||     3
 Armour: Leather armour    |    22 |    57 ||    79
         Skin              |       |     9 ||     9
  Dodge: Dodged            |    30 |    60 ||    90
  Block: Other             |       |     4 ||     4

Illustrated notes

Table legend:
 A = Kills in this place as a percentage of kills in the entire game.
 B = Kills by you in this place as a percentage of kills by you in the entire game.
 C = Kills by friends in this place as a percentage of kills by friends in the entire game.
 D = Other kills in this place as a percentage of other kills in the entire game.
 E = Experience gained in this place as a percentage of experience gained in the entire game.
 F = Experience gained in this place divided by the number of levels of this place that you have seen.
                   A       B       C       D       E      F
               +-------+-------+-------+-------+-------+----------------------
         Total | 100.0 | 100.0 |   N/A |   N/A | 100.0 |  86.5
       Dungeon | 100.0 | 100.0 |   N/A |   N/A | 100.0 |  86.5
               +-------+-------+-------+-------+-------+----------------------

Table legend: (Time is in decaauts)
 A = Elapsed time spent in this place.
 B = Non-inter-level travel time spent in this place.
 C = Inter-level travel time spent in this place.
 D = Time resting spent in this place.
 E = Time spent auto-exploring this place.
 F = Levels seen in this place.
 G = Mean time per level.
                   A        B        C        D        E       F      G
               +--------+--------+--------+--------+--------+-----+--------+
         Total |   2105 |   2062 |     43 |      0 |   1545 |   4 |  526.2 |
       Dungeon |   2105 |   2062 |     43 |      0 |   1545 |   4 |  526.2 |
               +--------+--------+--------+--------+--------+-----+--------+

Top non-repeatable levels by time:
     D:2: 793 daAuts
     D:3: 703 daAuts
     D:1: 536 daAuts
     D:4: 72 daAuts
